 Dungeon Crawl Stone Soup version 0.30-a0-824-g6c64550be9 (webtiles) character file.

Game seed: 15377084657891662852

137 PLAYERX the Protected (level 5, 0/47 HPs)
             Began as a Gnoll Wanderer on Feb 27, 2023.
             Succumbed to a goblin's poison
             ... on level 3 of the Dungeon.
             The game lasted 00:08:43 (2639 turns).

PLAYERX the Protected (Gnoll Wanderer)              Turns: 2639, Time: 00:08:44

Health: 0/47       AC: 13    Str: 15    XL:     5   Next: 20%
Magic:  9/9        EV:  7    Int: 10    God:
Gold:   79         SH:  0    Dex: 11    Spells: 9/10 levels left

rFire   . . .      SeeInvis .    a - +0 short sword
rCold   . . .      Faith    +    (no shield)
rNeg    . . .      Spirit   .    d - +0 chain mail
rPois   .          Reflect  .    (no helmet)
rElec   .          Harm     .    (no cloak)
rCorr   .          Rampage  .    r - +0 pair of gloves
Will    .....                    (no boots) Stlth
                                 u - amulet of faith
HPRegen 0.27/turn                (no ring)
MPRegen 0.11/turn                (no ring)

@: lethally poisoned (0 -> -15)
A: fangs 1, strong nose, distributed training
a: no special abilities


You were on level 3 of the Dungeon.
You visited 1 branch of the dungeon, and saw 4 of its levels.

You collected 79 gold pieces.

Inventory:

Hand Weapons
 a - a +0 short sword (weapon)
Missiles
 s - a throwing net
Armour
 d - a +0 chain mail (worn)
 r - a +0 pair of gloves (worn)
Jewellery
 g - a ring of magical power
 u - an amulet of faith (around neck)
Scrolls
 b - 4 scrolls of fog
 h - a scroll of brand weapon {unknown}
 i - 3 scrolls of immolation {unknown}
 k - a scroll of acquirement {unknown}
 l - 3 scrolls of identify {unknown}
 n - a scroll of vulnerability {unknown}
 o - a scroll of fear {unknown}
 p - a scroll of teleportation {unknown}
 v - a scroll of magic mapping {unknown}
Potions
 c - 2 potions of berserk rage
 e - a potion of heal wounds {unknown}
 f - a potion of haste {unknown}
 j - a potion of curing {unknown}
 m - a potion of brilliance {unknown}
 q - a potion of lignification {unknown}
 t - a potion of flight {unknown}
 w - a potion of mutation {unknown}
 x - 2 potions of invisibility


   Skills:
 + Level 6.7 Fighting
 + Level 1.4 Short Blades
 + Level 1.4 Long Blades
 + Level 1.4 Axes
 + Level 1.4 Maces & Flails
 + Level 1.4 Polearms
 + Level 1.4 Staves
 + Level 1.4 Ranged Weapons
 + Level 1.4 Throwing
 + Level 10.5 Armour
 + Level 1.4 Dodging
 + Level 1.4 Stealth
 + Level 1.4 Shields
 + Level 1.4 Unarmed Combat
 + Level 3.1 Spellcasting
 + Level 1.1 Conjurations
 + Level 2.4 Hexes
 + Level 1.1 Summonings
 + Level 1.1 Necromancy
 + Level 1.1 Translocations
 + Level 1.1 Transmutations
 + Level 1.1 Fire Magic
 + Level 1.1 Ice Magic
 + Level 1.1 Air Magic
 + Level 1.1 Earth Magic
 + Level 1.1 Poison Magic
 + Level 1.6 Invocations
 + Level 1.4 Evocations


You had 9 spell levels left.
You knew the following spells:

 Your Spells              Type           Power      Damage    Failure   Level
a - Slow                  Hex            24%        N/A       77%         1

Your spell library contained the following spells:

 Spells                   Type           Power      Damage    Failure   Level
 Apportation              Tloc           6%         N/A       90%         1
 Freeze                   Ice            12%        1d3       90%         1
 Necrotise                Necr           12%        1d4       90%         1
 Summon Small Mammal      Summ           12%        N/A       90%         1
 Cigotuvi's Dreadful Rot  Necr/Pois/Air  6%         N/A       97%         2
 Poisonous Vapours        Pois/Air       6%         N/A       97%         2
 Tukima's Dance           Hex            6%         N/A       98%         3
 Dazzling Flash           Conj/Hex       10%        N/A       99%         3
 Frozen Ramparts          Ice            6%         1d1       99%         3
 Hailstorm                Conj/Ice       3%         3d3       99%         3
 Mephitic Cloud           Conj/Pois/Air  3%         N/A       99%         3
 Agony                    Necr           3%         N/A       100%        5
 Blade Hands              Tmut           1%         N/A       100%        5
 Freezing Cloud           Conj/Ice/Air   1%         6-21      100%        5
 Irradiate                Conj/Tmut      1%         3d12      100%        5
 Silence                  Hex/Air        2%         N/A       100%        5
 Simulacrum               Ice/Necr       1%         N/A       100%        6
 Dragon Form              Tmut           1%         N/A       100%        7
 Polar Vortex             Ice            1%         N/A       100%        9


Dungeon Overview and Level Annotations

Branches:
Dungeon (4/15)
 Temple: D:4-7

Altars:

Annotations:
D:4 Robin


Innate Abilities, Weirdness & Mutations

You have very sharp teeth.
Your uncanny sense of smell can sniff out nearby items.
Your experience applies equally to all skills.


Message History

The goblin closely misses you. The goblin barely misses you.
The goblin hits you with a +0 dagger of venom.
The goblin closely misses you. The goblin hits you with a +0 club.
The goblin barely misses you.
The goblin hits you with a +2 dagger of speed.
You barely miss the goblin. Your bite misses the goblin.
The goblin is heavily wounded.
You feel sick. The goblin hits you but does no damage.
The goblin hits you with a +0 dagger. The goblin hits you with a +0 club.
The goblin closely misses you. The goblin hits you but does no damage.
You are more poisoned.
The goblin hits you but does no damage. x3
You are too injured to fight recklessly!
You are too injured to fight recklessly!
You are too injured to fight recklessly!
You are too injured to fight recklessly!
You hit the goblin.
You kill the goblin!
You feel very sick. The goblin barely misses you.
The goblin hits you but does no damage. The goblin hits you with a +0 club.
The goblin hits you but does no damage.
The goblin hits you with a +0 dagger of venom.
* * * LOW HITPOINT WARNING * * *
You are lethally poisoned!
The goblin hits you but does no damage. x2
* * * LOW HITPOINT WARNING * * *
You feel very sick. The goblin hits you with a +0 club.
* * * LOW HITPOINT WARNING * * *
The goblin barely misses you. Robin throws the goblin at you!
There is a stone staircase leading up here.
You see here a +2 dagger of speed.
* * * LOW HITPOINT WARNING * * *
You feel very sick.
The goblin hits you but does no damage. x5
You are more poisoned.
The goblin hits you but does no damage.
Robin's bangles clink loudly.
You climb upwards.
You die...

############
#........#..
#######.######.#.#
#@gg..........>...
####gg####..#####.#.#
#<.g.g......# #.#.#
####..#.###.# #.#.#
#....# #.#####.#.#
#.##.###.......#.#
#.##....########.#
#.##.............#
#.######.#########


You could see 6 goblins.

Vanquished Creatures
  Natasha (twice) (D:3)
  3 adders
  A worm (D:2)
  A dart slug (D:3)
  4 orcs (D:3)
  2 endoplasms
  3 giant cockroaches
  5 hobgoblins
  3 jackals (D:1)
  2 quokkas
  2 ball pythons
  5 bats
  7 frilled lizards
  6 goblins
  4 kobolds
  3 rats
53 creatures vanquished.

Vanquished Creatures (others)
  2 fungi (D:2)
2 creatures vanquished.

Grand Total: 55 creatures vanquished

Notes
Turn   | Place    | Note
-------+----------+-------------------------------------------
     0 | D:1      | Reached skill level 10 in Armour
     0 | D:1      | PLAYERX the Gnoll Wanderer began the quest for the Orb.
     0 | D:1      | PLAYERX set off with the following items: a +0 club, a
                  | scroll of fog, a potion of berserk rage, a +0 chain mail;
                  | and the following spell memorised: Slow; and the following
                  | spells available to memorise: Tukima's Dance.
     0 | D:1      | Reached XP level 1. HP: 23/23 MP: 4/4
   505 | D:1      | Reached XP level 2. HP: 29/29 MP: 5/5
   836 | D:2      | Reached XP level 3. HP: 26/35 MP: 7/7
  1097 | D:2      | Reached skill level 1 in Invocations
  1728 | D:3      | Reached skill level 1 in Short Blades
  1728 | D:3      | Reached skill level 1 in Long Blades
  1728 | D:3      | Reached skill level 1 in Axes
  1728 | D:3      | Reached skill level 1 in Maces & Flails
  1728 | D:3      | Reached skill level 1 in Polearms
  1728 | D:3      | Reached skill level 1 in Staves
  1728 | D:3      | Reached skill level 1 in Ranged Weapons
  1728 | D:3      | Reached skill level 1 in Throwing
  1728 | D:3      | Reached skill level 1 in Dodging
  1728 | D:3      | Reached skill level 1 in Stealth
  1728 | D:3      | Reached skill level 1 in Shields
  1728 | D:3      | Reached skill level 1 in Unarmed Combat
  1728 | D:3      | Reached skill level 1 in Evocations
  1888 | D:3      | Reached XP level 4. HP: 40/41 MP: 8/8
  2126 | D:3      | Reached skill level 1 in Conjurations
  2126 | D:3      | Reached skill level 1 in Summonings
  2126 | D:3      | Reached skill level 1 in Necromancy
  2126 | D:3      | Reached skill level 1 in Translocations
  2126 | D:3      | Reached skill level 1 in Transmutations
  2126 | D:3      | Reached skill level 1 in Fire Magic
  2126 | D:3      | Reached skill level 1 in Ice Magic
  2126 | D:3      | Reached skill level 1 in Air Magic
  2126 | D:3      | Reached skill level 1 in Earth Magic
  2126 | D:3      | Reached skill level 1 in Poison Magic
  2161 | D:3      | Noticed Natasha
  2179 | D:3      | Killed Natasha
  2261 | D:3      | Noticed Natasha
  2274 | D:3      | Killed Natasha
  2275 | D:3      | Reached XP level 5. HP: 35/47 MP: 9/9
  2359 | D:3      | Found a faded altar of an unknown god.
  2618 | D:4      | Noticed Robin
  2639 | D:3      | Succumbed to a goblin's poison

Illustrated notes

Levels and vault maps discovered:
D:1:      zaba_arrival_water, layout_basic
D:2:      layout_basic, dreamdust_mushroom_princess, minmay_misc_feat_chi
D:3:      layout_basic, nicolae_ecumenical_lake_church, uniq_natasha
D:4:      minmay_clustersquares, layout_basic, nicolae_uskayaw_en_pointe,
          cheibrodos_ashenzari_chains, minmay_temple_entry_grid,
          portal_sewer_entry_a, kennysheep_crisscross, minmay_misc_feat_doors,
          item_on_display_a, uniq_robin

Skill      XL: |  1  2  3  4 |
---------------+-------------+-----
Armour         | | 10.5
Hexes          | 2 |  2.4
Invocations    | 1 |  1.6
Short Blades   | 1 |  1.4
Long Blades    | 1 |  1.4
Axes           | 1 |  1.4
Maces & Flails | 1 |  1.4
Polearms       | 1 |  1.4
Staves         | 1 |  1.4
Ranged Weapons | 1 |  1.4
Throwing       | 1 |  1.4
Dodging        | 1 |  1.4
Stealth        | 1 |  1.4
Shields        | 1 |  1.4
Unarmed Combat | 1 |  1.4
Evocations     | 1 |  1.4
Spellcasting   | 3 |  3.1
Conjurations   | 1 |  1.1
Summonings     | 1 |  1.1
Necromancy     | 1 |  1.1
Translocations | 1 |  1.1
Transmutations | 1 |  1.1
Fire Magic     | 1 |  1.1
Ice Magic      | 1 |  1.1
Air Magic      | 1 |  1.1
Earth Magic    | 1 |  1.1
Poison Magic   | 1 |  1.1
Fighting       | |  6.7

Action                     |  1- 3 |  4- 6 || total
---------------------------+-------+-------++-------
  Melee: Club              |    23 |       ||    23
         Short sword       |   171 |    78 ||   249
         Bite              |    16 |     7 ||    23
         Punch             |     5 |     2 ||     7
 Armour: Chain mail        |   165 |   108 ||   273
  Dodge: Dodged            |    92 |    61 ||   153

Table legend: (Time is in decaauts)
 A = Elapsed time spent in this place.
 B = Non-inter-level travel time spent in this place.
 C = Inter-level travel time spent in this place.
 D = Time resting spent in this place.
 E = Time spent auto-exploring this place.
 F = Levels seen in this place.
 G = Mean time per level.
                   A        B        C        D        E       F      G
               +--------+--------+--------+--------+--------+-----+--------+
         Total |   2689 |   2689 |      0 |    266 |   1537 |   4 |  672.2 |
       Dungeon |   2689 |   2689 |      0 |    266 |   1537 |   4 |  672.2 |
               +--------+--------+--------+--------+--------+-----+--------+

Top non-repeatable levels by time:
     D:3: 1053 daAuts
     D:2: 829 daAuts
     D:1: 786 daAuts
     D:4: 19 daAuts
